 Dungeon Sprint DCSS version 0.03.2.1-39-gc08451f611 (webtiles) character file.

Game seed: 15136710744579999660, levelgen mode: deterministic

292 esc the Crack Shot (level 8, -1/61 HPs) Centaur Hunter. Began on Jan 24, 2021. Was an Initiate of Gozag Ym Sagoz. Slain by a giant anaconda (8 damage) ... in the Dungeon (Sprint VI: "Thunderdome"). The game lasted 00:06:12 (865 turns).

esc the Crack Shot (Centaur Hunter)                  Turns: 865, Time: 00:06:12

Health: -1/61      AC:  7    Str: 14    XL:     8 ^: 514
Magic:  8/8        EV:  6    Int: 12    God:    Gozag Ym Sagoz
Gold:   175        SH:  0    Dex: 13    Spells: 7/7 levels left

rFire    . . .     Vision   .   q - +9 longbow (venom)
rCold    . . .     Gourm    .   (also wielding the above weapon)
rNeg     . . .     Faith    .   c - +0 leather armour
rPois    .         Spirit   .   (no helmet)
rElec    .         Reflect  .   (no cloak)
rCorr    .         Harm     .   p - +2 pair of gloves "Emuck" {Int+2}
MR       .....     NoTele   +   (no barding)
Stlth    +.........             (no amulet)
HPRegen  0.30/turn              (no ring)
MPRegen  0.18/turn              (no ring)

@: constricted, very quick
A: large, hooves 3, deformed body, speed 2, tough skin 3
a: Potion Petition, Call Merchant, Bribe Branch, Renounce Religion


You were in the Dungeon.
You worshipped Gozag Ym Sagoz.
Gozag Ym Sagoz was aware of your devotion.
You were not hungry.

You visited 1 branch You collected 1842 gold pieces.
You spent 1667 gold pieces at shops.

Inventory:

Weapons
 q - a +9 longbow of venom (weapon)
Armour
 c - a +0 leather armour (worn)
 p - the +2 pair of gloves "Emuck" (worn) {Int+2}
   (You bought it in a shop in the Dungeon)

   It affects your intelligence (+2).
Wands
 k - a wand of acid (5)
 l - a wand of iceblast (5)
 o - a wand of polymorph (2)
Scrolls
 a - 3 scrolls of enchantment
 j - 4 scrolls of blinking
 m - 3 scrolls of fog
Potions
 e - a potion of curing
 f - a potion of heal wounds
 g - 4 potions of haste
 h - 2 potions of magic
 i - a potion of berserk rage
 n - a potion of resistance
Comestibles
 d - a ration


   Skills:
 - Level 2.0 Fighting
 + Level 22.5 Bows
 - Level 1.3 Dodging
 - Level 0.4 Stealth


You had 7 spell levels left.
You didn't know any spells.
Your spell library was empty.

Dungeon Overview and Level Annotations

Branches:
Dungeon (1/1)

Altars:
Cheibriados
Dithmenos
Fedhas Madash
Gozag Ym Sagoz
Kikubaaqudgha
Makhleb
Okawaru
Qazlal
Ru
Sif Muna
Trog
Uskayaw
Vehumet
Wu Jian
Xom
Yredelemnul
Zin
The Shining One
Beogh
Jiyva
Lugonu

Shops:
D *[%?*?*:[((!!!!


Innate Abilities, Weirdness & Mutations

You have hooves in place of feet.
Armour fits poorly on your strangely shaped body.
You cover ground very quickly.
You have extremely tough skin. (AC +3)


Message History

* * * LOW HITPOINT WARNING * * *
The giant anaconda constricts you (2). The giant anaconda bites you (8)!
* * * LOW HITPOINT WARNING * * *
x2 The giant anaconda constricts you (3).
You feel much better.
A naga warrior comes into view.
The naga warrior shouts!
The giant anaconda bites you (6).
* * * LOW HITPOINT WARNING * * *
x2 The giant anaconda constricts you (3).
The giant anaconda bites you (3).
* * * LOW HITPOINT WARNING * * *
x2 The giant anaconda constricts you (2).
Aiming:
q - a +9 longbow of venom, Range: 1 (25%)
Press: ? - help, Shift-Dir - straight line, f/p - giant anaconda
Aim: a giant anaconda (almost dead (5/130), constricting you, poisoned)
You shoot an arrow.
The arrow closely misses the giant anaconda (0).
The giant anaconda bites you (8)!
You die...
Your body crumbles into a pile of gold.

###.........###
#⌠...........⌠#
######.8.........8.###
##∩___[.....###..[.....
###∩........8.# #.8......
##.............###........
#)..........###...###.....
#⌠..........# #.<.# #.....
#⌠.......@..###...###.....
##........S....###........
###∩........8.# #.8......
###___......###......__
#####.8.........8.###
#N...........⌠#
###.........###
#_......._# #_......._#


You could see a naga warrior and a giant anaconda.

Vanquished Creatures
  A spiny frog (D)
  2 bog bodies (D)
  An insubstantial wisp (D)
  A necrophage (D)
  2 wolves (D)
  4 bullfrogs (D)
  A gnoll sergeant (D)
  3 hounds (D)
  A gnoll shaman (D)
  Jessica (D)
  3 sewer rats (D)
  3 quokkas (D)
23 creatures vanquished.

Notes
Turn   | Place    | Note
-------+----------+-------------------------------------------
     0 | D        | esc the Centaur Hunter began the quest for the Orb.
     0 | D        | Reached XP level 1. HP: 17/17 MP: 1/1
     1 | D        | Found a sacrificial altar of Ru.
     1 | D        | Found an ornate altar of the Wu Jian Council.
     2 | D        | Found a stormy altar of Qazlal.
     2 | D        | Found a snail-covered altar of Cheibriados.
     3 | D        | Found an iron altar of Okawaru.
     3 | D        | Found a radiant altar of Vehumet.
     4 | D        | Found Guyppats's Delicious Food.
     4 | D        | Found a viscous altar of Jiyva.
     4 | D        | Found a corrupted altar of Lugonu.
     5 | D        | Found Alisuaf's Jewellery.
     5 | D        | Found Ecarap's Advanced Armour.
     8 | D        | Round 1.
    12 | D        | Found an opulent altar of Gozag.
    21 | D        | Found a roughly hewn altar of Beogh.
    21 | D        | Found a hide-covered altar of Uskayaw.
    21 | D        | Found Hellmonk's Premium Goods.
    21 | D        | Found Zosifi's Miscellaneous Merchandise.
    22 | D        | Found Xevue's Basic Armour.
    24 | D        | Became a worshipper of Gozag Ym Sagoz the Greedy
    28 | D        | Found Sewo's Weapon Rack.
    28 | D        | Found a shimmering altar of Xom.
    28 | D        | Found a basalt altar of Yredelemnul.
    28 | D        | Found a shadowy altar of Dithmenos.
    38 | D        | Found a bloodstained altar of Trog.
    40 | D        | Found a blossoming altar of Fedhas.
    42 | D        | Found a glowing silver altar of Zin.
    42 | D        | Found Soepriekh's Do-It-Yourself Clinic.
    42 | D        | Found Heblaceawi's Bottled Wisdom.
    43 | D        | Found Topral's Distillery.
    44 | D        | Found a glowing golden altar of the Shining One.
    44 | D        | Found Nietz's Distillery.
    44 | D        | Noticed a necrophage
    44 | D        | Noticed a hound
    46 | D        | Killed a hound
    46 | D        | Reached skill level 9 in Bows
    46 | D        | Reached XP level 2. HP: 24/24 MP: 2/2
    50 | D        | Killed a necrophage
    50 | D        | Reached skill level 13 in Bows
    50 | D        | Reached XP level 3. HP: 29/29 MP: 3/3
    50 | D        | Reached XP level 4. HP: 36/36 MP: 4/4
    55 | D        | Noticed Jessica
    58 | D        | Killed Jessica
    58 | D        | Reached skill level 14 in Bows
    58 | D        | Reached XP level 5. HP: 41/41 MP: 5/5
    99 | D        | Found a shimmering blue altar of Sif Muna.
   101 | D        | Found a burning altar of Makhleb.
   104 | D        | Found Tejaluj's Staff Store.
   106 | D        | Found an ancient bone altar of Kikubaaqudgha.
   106 | D        | Found Uskab's Magic Scroll Shop.
   106 | D        | Found Irinen's Must-Have Magic.
   106 | D        | Found Seaqok's Magic Scroll Shop.
   111 | D        | Arena points: 12 (+12) [x2]
   111 | D        | Reached skill level 15 in Bows
   153 | D        | Bought a pair of translucent gloves for 332 gold pieces
   153 | D        | Identified the +2 pair of gloves "Emuck" {Int+2} (You
                  | bought it in a shop in the Dungeon)
   177 | D        | Bought a +0 longbow for 135 gold pieces
   204 | D        | Round 2.
   389 | D        | Arena points: 48 (+36) [x3]
   404 | D        | Bought a scroll of bless item for 300 gold pieces
   453 | D        | Round 3.
   476 | D        | Reached skill level 16 in Bows
   476 | D        | Reached XP level 6. HP: 48/48 MP: 6/6
   485 | D        | Reached skill level 17 in Bows
   510 | D        | Reached skill level 18 in Bows
   551 | D        | Arena points: 132 (+84) [x4]
   551 | D        | Reached XP level 7. HP: 55/55 MP: 7/7
   565 | D        | Bought 4 scrolls of enchantment for 300 gold pieces
   624 | D        | Round 4.
   649 | D        | Reached skill level 19 in Bows
   651 | D        | Noticed a bog body
   655 | D        | Killed a bog body
   655 | D        | Reached skill level 20 in Bows
   694 | D        | Reached XP level 8. HP: 61/61 MP: 8/8
   702 | D        | Noticed a bog body
   705 | D        | Killed a bog body
   705 | D        | Reached skill level 21 in Bows
   724 | D        | Noticed a spiny frog
   726 | D        | Killed a spiny frog
   726 | D        | Reached skill level 22 in Bows
   753 | D        | Arena points: 292 (+160) [x5]
   789 | D        | Bought 4 scrolls of enchantment for 300 gold pieces
   794 | D        | Bought 4 scrolls of enchantment for 300 gold pieces
   838 | D        | Round 5.
   848 | D        | Noticed a giant anaconda
   862 | D        | HP: 3/61 [giant anaconda (3)]
   864 | D        | Noticed a naga warrior
   865 | D        | Slain by a giant anaconda

Levels and vault maps discovered:
D:        arena_sprint

Skill      XL: |  1  2  3  4  5  6  7  8 |
---------------+-------------------------+-----
Bows           | 9 13 14 16 18 20 22 | 22.5
Fighting       | |  2.0
Dodging        | |  1.3
Stealth        | |  0.4

Action                   |  1- 3 |  4- 6 |  7- 9 || total
-------------------------+-------+-------+-------++-------
 Fire: Shortbow          |     6 |     7 |       ||    13
       Longbow           |       |    21 |    23 ||    44
  Use: Scroll            |       |     1 |     9 ||    10
       Potion            |       |       |     3 ||     3
Armor: Leather armour    |       |       |     2 ||     2
